[Event "*** Titled Tuesday Blitz"]
[Site "Chess.com"]
[Date "2020.11.10"]
[Round "10"]
[White "Anna_ChessMate"]
[Black "Slovak_fighter2000"]
[Result "1-0"]
[WhiteElo "2609"]
[BlackElo "2461"]
[TimeControl "180+1"]
[EndTime "12:04:02 PST"]
[Termination "Anna_ChessMate won by checkmate"]

1. d4 Nf6 2. c4 e6 3. Nf3 d5 4. Nc3 c6 5. e3 Nbd7 6. Bd3 Bd6 7. Qc2 O-O 8. e4 dxe4 9. Nxe4 Nxe4 10.
Bxe4 Nf6 11. Bg5 h6 12. Bxf6 Qxf6 13. O-O Rd8 14. Rad1 Bc7 15. Rfe1 a5 16. b3 Bd7 17. Re2 g6 18. g3 Kg7 19. Kg2 h5 20. h4 Be8 21. d5 exd5 22. cxd5 Bb6 23. dxc6 Bxc6 24.
Bxc6 bxc6 25. Rc1 Rac8 26. Ng5 Qd6 27. Qc4 Qd5+ 28. Qxd5 cxd5 29. Rd1 Rd7 30. Rd3 d4 31. Nf3 Rc3 32. Red2 Rxd3 33. Rxd3 Bc5 34. Kf1 Rd8 35. Ne5 Rd5 36. Nc4 Bb4 37. Ke2 Bc3 38. Kf3 Rf5+ 39. Ke2 Rf6 40. f4 Re6+ 41. Kf3 Re1 42. Nd6 Rf1+ 43. Ke4 Re1+ 44. Kd5 Re2 45. a3 Re3 46. Kc4 Bb2 47. Nb5 Re2 48. b4 axb4 49. axb4 Rc2+ 50. Kb3 Rg2 51. Nd6 Bc3 52. b5 Rb2+ 53. Kc4 Rb4+ 54. Kc5 Rb1 55. Kc6 Rb2 56. b6 Bb4 57.
Nb5 Ba5 58. b7 Rc2+ 59. Kd5 Rf2 60. b8=Q Be1 61. Qe5+ Kh7 62. Qxe1 Rg2 63. Qe5 Rb2 64. Rxd4 Rxb5+ 65. Ke4 Rb6 66. Rd7 Kh6 67. Qd4 Re6+ 68.
Qe5 Rxe5+ 69. Kxe5 f6+ 70. Kxf6 g5 71. fxg5# 1-0

[Event "*** Titled Tuesday Blitz"]
[Site "Chess.com"]
[Date "2020.11.10"]
[Round "10"]
[White "MIJuanReyesRosa"]
[Black "CraiggoryC"]
[Result "1/2-1/2"]
[WhiteElo "2106"]
[BlackElo "2200"]
[TimeControl "180+1"]
[EndTime "12:04:04 PST"]
[Termination "Game drawn by stalemate"]

1. d4 Nf6 2. Nf3 g6 3. c4 Bg7 4. Nc3 O-O 5. e4 c5 6. Be2 d6 7. O-O Re8 8. Re1 cxd4 9. Nxd4 Nbd7 10. Bf1 a6 11. Be3 b6 12. Rc1 Bb7 13. f3 Rc8 14.
Qd2 Qc7 15. Qf2 Qb8 16. Nd5 Nxd5 17. cxd5 b5 18. g3 Nc5 19. Qd2 Rc7 20. b4 Na4 21.
Nc6 Bxc6 22. dxc6 Rec8 23. Bh3 e6 24. Qxd6 Bf8 25. Qe5 Bg7 26. Qf4 Bf8 27. Qe5 Bg7 28. Qf4 Nc3 29. e5 Rxc6 30. Kg2 Rc4 31. Qg5 Qxe5 32.
Qxe5 Bxe5 33. Bd2 Bg7 34. Bxc3 Bxc3 35. Red1 Bxb4 36. Rxc4 Rxc4 37. Rd8+ Kg7 38. Ra8 Rc2+ 39. Kg1 Rxa2 40. Bf1 Bc5+ 41. Kh1 b4 42. Rc8 Bd4 43. Rc1 Ra1 44. Rxa1 Bxa1 45. Bxa6 b3 46. Bd3 b2 47. Bb1 f5 48. Kg2 Kf6 49. Kf2 Ke5 50.
g4 Kf4 51. h3 e5 52. Kg2 e4 53. fxe4 fxe4 54. Kf2 e3+ 55. Ke2 Kg3 56. g5 Kxh3 57. Kxe3 Kg4 58. Ke4 Kxg5 59. Ke3 h5 60. Kf3 Kh4 61. Kg2 g5 62. Kh2 Kg4 63. Kg2 h4 64. Kh2 Kf3 65. Kh1 g4 66. Kg1 g3 67. Bf5 b1=Q+ 68.
Bxb1 Bd4+ 69. Kh1 h3 70. Be4+ Kf4 71. Bg2 Kg4 72. Bxh3+ Kxh3 1/2-1/2

[Event "*** Titled Tuesday Blitz"]
[Site "Chess.com"]
[Date "2020.11.10"]
[Round "10"]
[White "Unknown_IM"]
[Black "Aygehovit1992"]
[Result "0-1"]
[WhiteElo "2403"]
[BlackElo "2684"]
[TimeControl "180+1"]
[EndTime "12:04:08 PST"]
[Termination "Aygehovit1992 won on time"]

1. e4 c5 2. Nf3 d6 3. c3 Nf6 4. Be2 g6 5. O-O Bg7 6. Bb5+ Nbd7 7. Re1 O-O 8. d4 a6 9. Bd3 Qc7 10. a4 b6 11. d5 c4 12. Bc2 Nc5 13. Bf4 Bd7 14. h3 b5 15. e5 Nh5 16. Bh2 dxe5 17. Nxe5 Qb7 18. Qf3 bxa4 19. Nxc4 Nf6 20. Rxe7 Nxd5 21.
Re1 Rfe8 22. Nbd2 Rxe1+ 23. Rxe1 Be6 24. Ne4 Qa7 25. Ng5 Rd8 26. Be5 Bxe5 27. Nxe5 f6 28.
Nxe6 Nxe6 29. Nc6 Ng5 30. Nxa7 Nxf3+ 31. gxf3 Rb8 32. Bxa4 Rxb2 33. Nc6 Nxc3 34. Ne7+ Kg7 35. Bc6 a5 36. Nd5 Ne2+ 37. Kg2 Nd4 38. Bd7 Rb7 39. Re7+ Kf8 40. Rxh7 Ne2 41. Nxf6 Nf4+ 42. Kg3 Ne2+ 43. Kh2 a4 44. Bxa4 Rb2 45. Rh8+ Kg7 46. Ng4 Kxh8 47. Ne5 Kg7 48. Be8 g5 49. Ng4 Nf4 50. Kg3 Rb1 51. h4 Ne2+ 52. Kh3 Rh1+ 53.
Nh2 gxh4 54. Bd7 Nf4+ 55. Kg4 Rxh2 56. Kxf4 Rxf2 57. Kg4 Rh2 58. Kf4 Kf6 59. Kg4 Rh1 60. Kf4 Rh2 61. Kg4 Rd2 62. Bc8 Rd4+ 63. Kh3 Kg5 64. Bg4 Rf4 65. Kg2 Rb4 66. Kh3 Rb2 67.
Bc8 Rb1 68. Bg4 Rg1 69. Kh2 Rg3 70. Kh1 h3 71. Kh2 Kh4 72. Kh1 Rg2 0-1

[Event "*** Titled Tuesday Blitz"]
[Site "Chess.com"]
[Date "2020.11.10"]
[Round "10"]
[White "ShimanovAlex"]
[Black "juancruzarias"]
[Result "0-1"]
[WhiteElo "2794"]
[BlackElo "2606"]
[TimeControl "180+1"]
[EndTime "12:04:16 PST"]
[Termination "juancruzarias won by checkmate"]

1. e4 e6 2. d4 d5 3. Nc3 Be7 4. h4 Nf6 5. e5 Nfd7 6. h5 c5 7. f4 cxd4 8. Nce2 Nc6 9. Nf3 f6 10. Nexd4 Nc5 11. h6 g6 12. Bb5 Bd7 13. Bxc6 bxc6 14.
O-O f5 15. Be3 Ne4 16. Nb3 c5 17. c3 Rc8 18. Nfd2 O-O 19. Nxe4 fxe4 20. Qg4 Rf5 21. Rad1 Bb5 22. Rf2 Qf8 23. Qh3 Kh8 24. g4 Rf7 25. Nd2 Rd8 26. Nf1 Bd3 27. Ng3 d4 28. cxd4 cxd4 29.
Bc1 e3 30. Rxd3 exf2+ 31. Kxf2 Rxf4+ 32. Bxf4 Qxf4+ 33. Kg2 Rf8 34. Qh1 Bc5 35. Qe1 Qxg4 36. Qe4 Qg5 37. b4 Bb6 38. a4 Qxh6 39. a5 Bd8 40. Qxd4 Bh4 41. Ne4 Qf4 42. Nf6 Qg5+ 43.
Kh1 Rc8 44. Rc3 Rxc3 45. Qxc3 Qf5 46. Qd4 Qf1+ 47. Kh2 Qf2+ 48. Qxf2 Bxf2 49. b5 Kg7 50. Nd7 Kf7 51. Kg2 Ke7 52. b6 Kxd7 53. b7 Kc7 54. a6 Bb6 55. Kf3 Kb8 56. Kf4 Bd8 57.
Kg4 Be7 58. Kf4 h5 59. Kf3 g5 60. Ke4 Bc5 61. Kf3 Ba3 62. Ke4 Bb2 63. Ke3 Bxe5 64. Ke4 Bf6 65. Ke3 Be7 66. Ke4 Bd6 67. Ke3 g4 68.
Ke4 h4 69. Ke3 h3 70. Kf2 e5 71. Kg1 e4 72. Kh1 e3 73. Kg1 g3 74. Kf1 Kc7 75. Kg1 Kb6 76. Kh1 Bb8 77. Kg1 Kxa6 78. Kh1 Kxb7 79. Kg1 Bd6 80. Kf1 Bb4 81. Kg1 e2 82. Kh1 a5 83. Kg1 a4 84. Kh1 a3 85.
Kg1 a2 86. Kh1 a1=Q# 0-1

[Event "*** Titled Tuesday Blitz"]
[Site "Chess.com"]
[Date "2020.11.10"]
[Round "10"]
[White "AlexandraBotez"]
[Black "Paladin61"]
[Result "1/2-1/2"]
[WhiteElo "2137"]
[BlackElo "2509"]
[TimeControl "180+1"]
[EndTime "12:04:25 PST"]
[Termination "Game drawn by repetition"]

1. d4 Nf6 2. c4 g6 3. Nc3 Bg7 4. f3 d6 5. e4 O-O 6. Be3 c5 7. Nge2 Nc6 8. Qd2 Qa5 9. g3 e5 10.
d5 Nd4 11. Bg2 Nb3 12. axb3 Qxa1+ 13. Nc1 a6 14. O-O Qa5 15. Nd3 b5 16. h3 Nh5 17.
g4 Nf4 18. Nxf4 exf4 19. Bxf4 Qb6 20. Kh2 Rb8 21. cxb5 axb5 22. Ra1 Bd7 23. Bf1 Ra8 24. Re1 Rfe8 25. Bd3 Reb8 26. Be3 Qd8 27. Bg5 Qb6 28. Be3 Qa5 29. Bf4 c4 30. Bc2 Qb4 31. bxc4 bxc4 32. Re2 Qxb2 33. Nd1 Qb6 34. Be3 Qc7 35. Nf2 c3 36.
Qd1 Rb2 37. Bf4 Rba2 38. Nd3 Ra1 39. Nc1 Bb5 40. Re1 Qc5 41. Be3 Qb4 42. Rh1 Qb2 43. Rg1 Qb4 44. Rg2 Qa5 45. Bf4 Qd8 46. Be3 Qe7 47. Qh1 R1a3 48. Rg1 Ra1 49. Qg2 Ba6 50. Qf2 Rb8 51. Qg2 Rb2 52. Qf2 Bc8 53. Re1 Ra8 54. Re2 Bd7 55. Nd3 Rba2 56. Nc1 Ra1 57. h4 Bb5 58.
Bg5 Qd7 59. Re1 Bc4 60. Be3 Qb5 61. g5 R1a2 62. f4 Rxc2 63. Qxc2 Qb2 64. Qg2 c2 65. Qf2 Qc3 66. Kg3 Ra1 67. Kf3 Ra8 68. Qd2 Qxd2 69. Bxd2 Bd4 70. Be3 Bc3 71. Rg1 Ra1 72. Kf2 Kf8 73.
Rh1 Ke8 74. Rg1 Kd7 75. f5 Ke7 76. f6+ Kd7 77. Rh1 Kd8 78. h5 Kd7 79. hxg6 hxg6 80.
Rh7 Ke8 81. Rh8+ Kd7 82. Rh7 Ke8 83. Rh8+ Kd7 84. Rh7 1/2-1/2

[Event "*** Titled Tuesday Blitz"]
[Site "Chess.com"]
[Date "2020.11.10"]
[Round "10"]
[White "tteshan"]
[Black "WPWPWP-2015"]
[Result "1-0"]
[WhiteElo "2377"]
[BlackElo "2505"]
[TimeControl "180+1"]
[EndTime "12:04:49 PST"]
[Termination "tteshan won on time"]

1. e4 c5 2. c3 Nf6 3. e5 Nd5 4. Nf3 d6 5. d4 cxd4 6. cxd4 Nc6 7. Bc4 e6 8. Qe2 Be7 9. O-O h6 10. exd6 Qxd6 11. Nc3 Nxc3 12. bxc3 b6 13. Re1 Na5 14. Bb5+ Bd7 15. Bd3 Bc6 16. Ne5 Bd5 17. Bf4 Qd8 18.
c4 Bc6 19. Nxf7 Kxf7 20. Qxe6+ Kf8 21. Bg6 Be8 22. Qf5+ Kg8 23. Bxe8 Qxe8 24. Bd6 Qf7 25. Qxf7+ Kxf7 26. Rxe7+ Kg6 27. Rae1 Nxc4 28. R1e6+ Kh7 29.
Be5 Nxe5 30. dxe5 Rhd8 31. h4 Rd4 32. g3 b5 33. Rb7 a6 34. Ree7 Rg8 35. Kg2 Ra4 36. e6 b4 37. Red7 Rxa2 38. Rxb4 Re2 39. Rb6 Rf8 40. Rf7 Re8 41. Rxa6 R2xe6 42. Raa7 Rg8 43.
Kh3 Kh8 44. f4 Rg6 45. h5 Rd6 46. Kh4 Rd5 47. Kg4 Rd1 48. Rfe7 Rd4 49. Kf3 Rd3+ 50. Ke4 Rxg3 51. Kf5 Rg2 52. Ke4 Re2+ 53. Kf3 Rh2 54. Re5 Rh1 55. Rb5 Rg1 56. f5 Rf8 57. Kf4 Rf1+ 58. Kg4 Rg1+ 59. Kh4 Rg5 60. Rab7 Rgxf5 61. Rxf5 Rxf5 62. Rb8+ Kh7 63. Rb7 Rf4+ 64. Kh3 Ra4 65. Rc7 Rb4 66. Rd7 Rc4 67. Re7 Rb4 68. Ra7 Rb5 69.
Kg4 Rc5 70. Kh4 Rg5 71. Rb7 Rg1 72. Ra7 Rh1+ 73. Kg4 Rb1 74. Kh4 Rb4+ 75. Kh3 Re4 76. Kg3 Kg8 77. Rb7 Rd4 78. Ra7 Re4 79. Rb7 Kf8 80.
Ra7 Re7 81. Ra8+ Kf7 82. Ra6 Re6 83. Ra7+ Kf6 84. Kg4 Re4+ 85. Kh3 Re7 86. Ra5 Re5 87. Ra6+ Kf7 88. Ra7+ Kg8 89. Ra8+ Kf7 90. Kh4 1-0

[Event "*** Titled Tuesday Blitz"]
[Site "Chess.com"]
[Date "2020.11.10"]
[Round "10"]
[White "Harsha_Bharathakoti"]
[Black "Semetey"]
[Result "1/2-1/2"]
[WhiteElo "2774"]
[BlackElo "2585"]
[TimeControl "180+1"]
[EndTime "12:04:53 PST"]
[Termination "Game drawn by repetition"]

1. d4 Nf6 2. Nf3 g6 3. Nc3 Bg7 4. e4 d5 5. exd5 Nxd5 6. Nxd5 Qxd5 7. c4 Qe6+ 8. Be2 O-O 9. O-O Qb6 10. c5 Qc6 11.
Bg5 Re8 12. Re1 Be6 13. b4 a6 14. a4 Nd7 15. Qc2 b5 16. Nd2 Bd5 17. Be3 Bxg2 18.
axb5 axb5 19. Bxb5 Qxb5 20. Kxg2 Nf6 21. Qc4 Qc6+ 22.
f3 Nd5 23. Bf2 Nf4+ 24. Kh1 Qd7 25. Be3 Nd5 26. Bf2 c6 27. Ne4 Qh3 28. Ng3 Rab8 29. Rab1 h5 30. Qf1 Qd7 31. Qc4 h4 32. Ne4 Nf4 33.
Qf1 Red8 34. Bxh4 Bxd4 35. Bg3 Qf5 36. Red1 e5 37. b5 cxb5 38. Rxb5 Rxb5 39. Qxb5 Ne6 40. Kg2 Rc8 41. c6 Nc5 42. Re1 Nxe4 43. Rxe4 Qe6 44.
Bxe5 Bxe5 45. Rxe5 Qxc6 46. Qxc6 Rxc6 47. Re4 Kg7 48. Kg3 g5 49. Ra4 Kg6 50. h4 f6 51.
hxg5 fxg5 52. Rg4 Kf5 53. Ra4 Rc5 54. Re4 Rd5 55. Rg4 Rd1 56. Re4 Rg1+ 57. Kf2 Rh1 58. Kg2 Ra1 59. Rb4 Ra3 60. Rb5+ Kf4 61. Rb4+ Kf5 62. Kg3 Ra5 63. Rg4 Rb5 64. Re4 Rc5 65. Rg4 Re5 66. Re4 Rd5 67. Rg4 Rd3 68. Re4 Kg6 69.
Rg4 Kh5 70. Re4 Rd1 71. Re8 Rg1+ 72. Kf2 Ra1 73. Rg8 Ra3 74. Kg3 Ra4 75. Rg7 Kh6 76. Rc7 Ra6 77. Rc4 Rf6 78. Kg4 Kg6 79. Re4 Rd6 80. Ra4 Rc6 81. Rb4 Rd6 82. Rc4 Re6 83. Rd4 Rf6 84. Re4 Rd6 85. Re5 Rd4+ 86. Kg3 Kf6 87. Ra5 Rf4 88. Ra6+ Kf5 89. Rb6 Ke5 90. Rb5+ Kf6 91. Rb6+ Kf5 92. Rb5+ Kf6 93. Rb6+ Kf5 94. Rb5+ Kf6 1/2-1/2

[Event "*** Titled Tuesday Blitz"]
[Site "Chess.com"]
[Date "2020.11.10"]
[Round "10"]
[White "FMKonstantin_Twitch"]
[Black "XDPS"]
[Result "1-0"]
[WhiteElo "2577"]
[BlackElo "2767"]
[TimeControl "180+1"]
[EndTime "12:04:56 PST"]
[Termination "FMKonstantin_Twitch won on time"]

1. c4 e6 2. Nc3 d5 3. Nf3 Nf6 4. g3 dxc4 5. Qa4+ Bd7 6. Qxc4 c5 7. Bg2 Bc6 8. O-O Nbd7 9. Rd1 Be7 10. d4 cxd4 11.
Qxd4 O-O 12. Be3 Qa5 13. a3 Rfd8 14. b4 Qa6 15. Qd3 Qxd3 16. Rxd3 a6 17. Rad1 Rdc8 18. Bd4 h6 19. Ne5 Nxe5 20. Bxe5 Bxg2 21. Kxg2 Ng4 22. Bd4 Rc6 23. h3 Nf6 24. Na4 Rac8 25. Nb6 Rd8 26. Be3 Rxd3 27. Rxd3 g5 28. Kf3 Kg7 29. Nd7 Nd5 30. Bd4+ Kg8 31. e4 Nc7 32. Nf6+ Kf8 33.
Nd7+ Kg8 34. Bc5 Bxc5 35. Nxc5 b6 36. Nxa6 Nxa6 37. b5 Rc5 38. bxa6 Ra5 39. Rb3 Rxa6 40. Ke3 Ra4 41. Rxb6 Rxa3+ 42. Ke2 Kg7 43. Kf1 Ra4 44. f3 Ra2 45. Rb7 Kf6 46. Kg1 h5 47. Kf1 Rc2 48. Rd7 Kg6 49. Kg1 Ra2 50. Rc7 h4 51. gxh4 gxh4 52. Rd7 f6 53. Rd6 e5 54. f4 exf4 55.
e5 Kf5 56. exf6 Ra7 57. Kf2 Ke5 58. Rb6 Kf5 59. Rd6 Rc7 60. Rb6 Rc2+ 61. Kf3 Rc3+ 62. Kg2 Rc7 63. Kf3 Rc3+ 64. Kg2 Kg6 65. Rb4 Rg3+ 66. Kf2 Rxh3 67. Rxf4 Kf7 68. Kg2 Rb3 69. Kh2 Rb5 70. Rxh4 Kxf6 71. Rf4+ Kg5 72. Rf3 Rb4 73. Kg3 Rg4+ 74. Kh3 Ra4 75. Rg3+ Kh5 76. Rf3 Rb4 77.
Rf5+ Kg6 78. Ra5 Rc4 79. Kg3 Rb4 80. Kf3 Kf6 81. Ke3 Ke6 82. Kd3 Kd6 83. Kc3 Rh4 84. Kd3 Rh3+ 85. Kd4 Rh4+ 86. Kd3 Rh8 87. Ra6+ Kc5 88.
Ra5+ Kb4 89. Rf5 Rd8+ 90. Ke4 Kc4 91. Rf4 Re8+ 92. Kf5+ Kd5 93. Rf3 Rf8+ 94. Kg4 Rg8+ 95. Kf4 Kd4 96. Ra3 Rf8+ 97. Kg3 Ke4 98. Ra4+ Kf5 99. Rf4+ 1-0

[Event "*** Titled Tuesday Blitz"]
[Site "Chess.com"]
[Date "2020.11.10"]
[Round "10"]
[White "PetrolulSah"]
[Black "TokChess"]
[Result "0-1"]
[WhiteElo "2236"]
[BlackElo "2458"]
[TimeControl "180+1"]
[EndTime "12:05:20 PST"]
[Termination "TokChess won by resignation"]

1. d4 d5 2. c4 c6 3. Nf3 Nf6 4. Nc3 e6 5. g3 Be7 6. Bg2 O-O 7. O-O Nbd7 8. Qc2 b6 9. e4 dxe4 10. Nxe4 Nxe4 11. Qxe4 Bb7 12. Ne5 Nxe5 13. dxe5 Rb8 14. Qg4 g6 15. Rd1 Qc7 16. Bg5 Rfd8 17. Qh4 Bxg5 18.
Qxg5 Rd7 19. b4 c5 20. Rxd7 Qxd7 21. Bxb7 Rxb7 22. bxc5 bxc5 23. h4 Qe7 24. Qxe7 Rxe7 25.
Rd1 Rb7 26. Rd8+ Kg7 27. Rc8 Rb2 28. Rxc5 Rxa2 29. Rc7 h6 30. Kg2 g5 31. hxg5 hxg5 32.
Kf3 Kg6 33. g4 Rc2 34. Ke3 a5 35. f3 Rc3+ 36. Ke2 a4 37. c5 a3 38. c6 a2 39. Ra7 Rxc6 40. Rxa2 Rc5 41. Kf2 Rxe5 42. Ra8 Rd5 43. Rg8+ Kf6 44. Kg3 Rd4 45. Ra8 Ke5 46.
Ra5+ Rd5 47. Ra4 Rc5 48. Rb4 Ra5 49. Rc4 Ra1 50. Rb4 Rg1+ 51. Kf2 Rd1 52. Kg3 Rd5 53.
Ra4 Rc5 54. Rb4 f6 55. Ra4 Rb5 56. Rc4 Kd5 57. Ra4 Rc5 58. Rb4 Rc4 59. Rb6 Rc5 60.
Rb4 f5 61. gxf5 exf5 62. Ra4 Ke5 63. Rb4 Rd5 64. Rb8 Rd3 65. Re8+ Kf6 66. Rf8+ Ke6 67.
Kf2 Ke5 68. Ra8 Rd2+ 69. Ke3 Rd5 70. Re8+ Kf6 71. Rf8+ Ke6 72. Re8+ Kf7 73. Ra8 Rb5 74. Ra6 Rb3+ 75. Kf2 Rb2+ 76. Kg3 Rb3 77. Kf2 Rc3 78. Kg3 g4 79. Kf4 Rxf3+ 80. Kg5 g3 81. Ra7+ Ke6 82. Ra6+ Kd5 83. Ra5+ Kd4 84. Ra4+ Ke3 85. Ra2 f4 86. Ra3+ Kf2 87. Ra2+ Kg1 88. Kg4 Rf2 89. Ra1+ Kg2 90. Ra3 Re2 91. Rb3 f3 92. Ra3 Re4+ 93. Kf5 Rb4 94. Kg5 f2 95. Ra2 Kg1 96. Ra3 f1=Q 97.
Rxg3+ Qg2 98. Kh5 Qxg3 0-1

[Event "*** Titled Tuesday Blitz"]
[Site "Chess.com"]
[Date "2020.11.10"]
[Round "11"]
[White "SlavenPastar"]
[Black "tandaleo"]
[Result "1-0"]
[WhiteElo "2506"]
[BlackElo "2307"]
[TimeControl "180+1"]
[EndTime "12:07:16 PST"]
[Termination "SlavenPastar won by resignation"]

1. c4 e6 2. Nc3 d5 3. d4 c6 4. e4 dxe4 5. Nxe4 c5 6. Nxc5 Nc6 7. Nf3 Nxd4 8. Nxd4 Bxc5 9. Be3 Bb4+ 10. Ke2 Nf6 11.
Qa4+ 1-0

[Event "*** Titled Tuesday Blitz"]
[Site "Chess.com"]
[Date "2020.11.10"]
[Round "11"]
[White "IgorBjelobrk"]
[Black "Buryshin_Vasyl"]
[Result "1-0"]
[WhiteElo "2631"]
[BlackElo "2179"]
[TimeControl "180+1"]
[EndTime "12:07:25 PST"]
[Termination "IgorBjelobrk won by resignation"]

1. d4 f5 2. g3 Nf6 3. Bg2 e6 4. b3 Be7 5. Bb2 O-O 6. c4 d6 7. e3 Nbd7 8. Nf3 Qe8 9. O-O Qg6 10. Nc3 b6 11. Ne2 Bb7 12. Nf4 Qf7 13. Ng5 Qe8 14.
Bxb7 Rb8 15. Bg2 h6 16. Ngxe6 Rf7 17. Nxc7 1-0

[Event "*** Titled Tuesday Blitz"]
[Site "Chess.com"]
[Date "2020.11.10"]
[Round "11"]
[White "Lupul_Cenusiu"]
[Black "Tenamu"]
[Result "1-0"]
[WhiteElo "2521"]
[BlackElo "2311"]
[TimeControl "180+1"]
[EndTime "12:07:47 PST"]
[Termination "Lupul_Cenusiu won by resignation"]

1. e4 e6 2. Nc3 d5 3. exd5 exd5 4. d4 Nf6 5. Nf3 Bb4 6. Bd3 O-O 7. O-O Bxc3 8.
bxc3 c6 9. Ne5 Ne4 10. f3 Nd6 11. Ba3 f6 12. Ng4 b6 13. Re1 Ba6 14. Re6 Nc4 15. Bxf8 Qxf8 16. Qe2 Nd7 17. Re1 1-0

[Event "*** Titled Tuesday Blitz"]
[Site "Chess.com"]
[Date "2020.11.10"]
[Round "11"]
[White "MariaFominykh"]
[Black "romulocardoso"]
[Result "1-0"]
[WhiteElo "2350"]
[BlackElo "2094"]
[TimeControl "180+1"]
[EndTime "12:08:52 PST"]
[Termination "MariaFominykh won by resignation"]

1. d4 Nf6 2. c4 e6 3. g3 Bb4+ 4. Bd2 Qe7 5. Bg2 O-O 6. Qc2 d5 7. a3 Bxd2+ 8. Nxd2 b6 9. Ngf3 Bb7 10. O-O Ne4 11.
Nxe4 dxe4 12. Nd2 Nd7 13. Nxe4 f5 14. Nf6+ Qxf6 15. Bxb7 Rab8 16. Bc6 Rfd8 17. Rad1 e5 18. Bxd7 Rxd7 19. dxe5 Qe6 20. Rxd7 Qxd7 21. Rd1 Qe6 22. Qc3 Re8 23. f4 Qc6 24. Qd4 Kh8 25. Qd5 Qa4 26. Qd7 1-0

[Event "*** Titled Tuesday Blitz"]
[Site "Chess.com"]
[Date "2020.11.10"]
[Round "11"]
[White "WPWPWP-2015"]
[Black "Jenia84"]
[Result "1-0"]
[WhiteElo "2509"]
[BlackElo "2308"]
[TimeControl "180+1"]
[EndTime "12:08:59 PST"]
[Termination "WPWPWP-2015 won by resignation"]

1. d4 Nf6 2. c4 e6 3. Nc3 Bb4 4. f3 d5 5. a3 Bxc3+ 6. bxc3 c5 7. cxd5 Nxd5 8. dxc5 Qa5 9. e4 Ne7 10. Qb3 Nbc6 11. Be3 O-O 12. Bb5 a6 13. Bc4 Ne5 14. Ne2 Bd7 15. Nd4 Qxc5 16. Be2 Rac8 17. Nf5 Qc7 18.
Nxe7+ 1-0

[Event "*** Titled Tuesday Blitz"]
[Site "Chess.com"]
[Date "2020.11.10"]
[Round "11"]
[White "Bastiandash"]
[Black "zala02"]
[Result "1-0"]
[WhiteElo "2362"]
[BlackElo "2163"]
[TimeControl "180+1"]
[EndTime "12:09:01 PST"]
[Termination "Bastiandash won by resignation"]

1. d4 Nf6 2. Nf3 d5 3. Bg5 Ne4 4. Bf4 c5 5. Be3 e6 6. c3 Nc6 7. Nbd2 cxd4 8. Nxd4 Nd6 9. Nxc6 bxc6 10. Bc5 Be7 11.
g3 O-O 12. Bg2 a5 13. O-O Rb8 14. Ba3 Ba6 15. Re1 Nb5 16. Bxe7 Qxe7 17. e4 Nd6 18.
exd5 cxd5 19. Bxd5 Rxb2 20. Bb3 Nf5 21. Qc1 Qa3 22. Nb1 Rxb1 23. Qxa3 1-0

[Event "*** Titled Tuesday Blitz"]
[Site "Chess.com"]
[Date "2020.11.10"]
[Round "11"]
[White "hypert"]
[Black "ARTHURMOTIVATOR"]
[Result "0-1"]
[WhiteElo "2443"]
[BlackElo "2372"]
[TimeControl "180+1"]
[EndTime "12:09:03 PST"]
[Termination "ARTHURMOTIVATOR won by resignation"]

1. e4 c6 2. Nc3 d5 3. Qf3 dxe4 4. Nxe4 Nd7 5. d4 Ndf6 6. Nxf6+ Nxf6 7. Be3 Qb6 8.
O-O-O Bg4 9. Qg3 Bxd1 10. Kxd1 Qxb2 11. Nf3 e6 12. Bc4 Qa1+ 13. Bc1 Ne4 14. Qh4 Ba3 15. Qxe4 Qxc1+ 16. Ke2 Qxh1 17. Bxe6 O-O 0-1

[Event "*** Titled Tuesday Blitz"]
[Site "Chess.com"]
[Date "2020.11.10"]
[Round "11"]
[White "Iskusnyh"]
[Black "Promacherr"]
[Result "1-0"]
[WhiteElo "2596"]
[BlackElo "2715"]
[TimeControl "180+1"]
[EndTime "12:09:08 PST"]
[Termination "Iskusnyh won by resignation"]

1. d4 d5 2. c4 e6 3. Nf3 c5 4. cxd5 exd5 5. g3 Nc6 6. Bg2 Nf6 7. O-O cxd4 8. Nxd4 Bc5 9. Nxc6 bxc6 10. Qc2 Qb6 11. Nc3 Be7 12. Be3 Qb7 13. Na4 h5 14.
Rac1 Bd7 15. Bc5 Bd8 16. Ba3 Bb6 17. Nc5 Qc7 18. Nxd7 Kxd7 19. e4 h4 20. e5 hxg3 21. hxg3 Ne4 22. Bxe4 dxe4 23. Qxe4 1-0

[Event "*** Titled Tuesday Blitz"]
[Site "Chess.com"]
[Date "2020.11.10"]
[Round "11"]
[White "AlexSuv"]
[Black "Sergey85Rodchenkov"]
[Result "1/2-1/2"]
[WhiteElo "2578"]
[BlackElo "2465"]
[TimeControl "180+1"]
[EndTime "12:09:11 PST"]
[Termination "Game drawn by repetition"]

1. d4 Nf6 2. c4 e6 3. Nc3 Bb4 4. e3 c5 5. Ne2 Nc6 6. a3 Bxc3+ 7. Nxc3 cxd4 8. exd4 d5 9. Be3 O-O 10. Be2 dxc4 11.
Bxc4 b6 12. O-O Bb7 13. Qf3 Na5 14. Qe2 Nxc4 15. Qxc4 Rc8 16. Qe2 Nd5 17. Nxd5 Qxd5 18.
f3 Qb3 19. Rac1 Bd5 20. Qd2 f6 21. Rxc8 Rxc8 22. Rc1 Rc4 23. Rxc4 Qxc4 24. Qc3 Qe2 25. Qd2 Qc4 26. Qc3 Qe2 27. Qd2 Qc4 1/2-1/2

[Event "*** Titled Tuesday Blitz"]
[Site "Chess.com"]
[Date "2020.11.10"]
[Round "11"]
[White "Zkid"]
[Black "GOGIEFF"]
[Result "1-0"]
[WhiteElo "2821"]
[BlackElo "2901"]
[TimeControl "180+1"]
[EndTime "12:09:15 PST"]
[Termination "Zkid won by resignation"]

1. e4 c5 2. Nf3 d6 3. d4 cxd4 4.
Nxd4 Nf6 5. f3 e5 6. Nb3 Be7 7. c4 a5 8. Nc3 a4 9. Nd2 Qa5 10.
Be2 O-O 11. O-O Be6 12. Nd5 Bxd5 13. cxd5 b5 14. Kh1 Nbd7 15. b4 Qb6 16. Nb1 Ne8 17.
Na3 Nc7 18. Qd3 Rab8 19. Be3 Qb7 20. Rfc1 Nb6 21. Rc6 Nba8 22. Rac1 Bd8 23. Rxd6 1-0

[Event "*** Titled Tuesday Blitz"]
[Site "Chess.com"]
[Date "2020.11.10"]
[Round "11"]
[White "MokshanovAlexey"]
[Black "rasmussvane"]
[Result "1-0"]
[WhiteElo "2640"]
[BlackElo "2846"]
[TimeControl "180+1"]
[EndTime "12:09:36 PST"]
[Termination "MokshanovAlexey won by resignation"]

1. e4 c6 2. d4 d5 3. e5 Bf5 4. Nf3 e6 5. Be2 Ne7 6. O-O Ng6 7. Be3 Nd7 8. Ne1 h5 9. h3 f6 10. f4 Qb6 11. Qc1 c5 12. c3 Rc8 13. Bd3 cxd4 14. Bxf5 exf5 15. Bf2 fxe5 16. fxe5 Ndxe5 17. Qg5 Be7 18. Qxf5 Rf8 19. Qxc8+ Kf7 20. Bxd4+ Bf6 21. Qxf8+ Nxf8 22. Bxb6 1-0

[Event "*** Titled Tuesday Blitz"]
[Site "Chess.com"]
[Date "2020.11.10"]
[Round "11"]
[White "Ural_bogatyr"]
[Black "Anna_ChessMate"]
[Result "0-1"]
[WhiteElo "2417"]
[BlackElo "2613"]
[TimeControl "180+1"]
[EndTime "12:09:37 PST"]
[Termination "Anna_ChessMate won by resignation"]

1. e4 c6 2. d4 d5 3. e5 Bf5 4. Ne2 e6 5. Ng3 Bg6 6. h4 h6 7. h5 Bh7 8. Bd3 Bxd3 9. cxd3 Be7 10. Be3 Nd7 11. Nd2 Bg5 12. f4 Bh4 13. Qg4 Bxg3+ 14.
Qxg3 Ne7 15. Qxg7 Rg8 16. Qxh6 Nf5 17. Qh7 Ke7 18. Bf2 Rh8 19. Bh4+ Nxh4 20. Qg7 Rg8 0-1

[Event "*** Titled Tuesday Blitz"]
[Site "Chess.com"]
[Date "2020.11.10"]
[Round "11"]
[White "juancruzarias"]
[Black "BAS8892"]
[Result "0-1"]
[WhiteElo "2601"]
[BlackElo "2749"]
[TimeControl "180+1"]
[EndTime "12:09:44 PST"]
[Termination "BAS8892 won by resignation"]

1. d4 Nf6 2. Bg5 Ne4 3. Bh4 c5 4. f3 Nf6 5. d5 Qb6 6. Nd2 Qxb2 7.
e4 d6 8. Bd3 Qb6 9. Ne2 g6 10.
Rb1 Qc7 11. O-O Bg7 12. Nc4 O-O 13. a4 b6 14. f4 Nbd7 15. Nc3 a6 16. Qd2 Rb8 17. Bg3 Nh5 18. Bf2 Nxf4 19. Qxf4 Bxc3 20. Qh4 Bg7 21. Qxe7 b5 22. Qxd6 Qd8 23. axb5 axb5 24. Be2 Re8 25. Nd2 Be5 26. Qc6 Rb6 27. Qa8 Ra6 28. Bh4 Qxh4 0-1

[Event "*** Titled Tuesday Blitz"]
[Site "Chess.com"]
[Date "2020.11.10"]
[Round "11"]
[White "GigaQuparadze"]
[Black "MatyChess1"]
[Result "0-1"]
[WhiteElo "2716"]
[BlackElo "2577"]
[TimeControl "180+1"]
[EndTime "12:09:51 PST"]
[Termination "MatyChess1 won by checkmate"]

1. e4 c5 2. d4 cxd4 3. c3 Nf6 4. e5 Nd5 5. Qxd4 e6 6. Nf3 Nc6 7. Qg4 Qc7 8. Qg3 b6 9. Bb5 Bb7 10. O-O h6 11. Nbd2 Nde7 12. Bd3 Nd5 13. Ne4 O-O-O 14. Nd6+ Bxd6 15. exd6 Qb8 16. Nd4 Nxd4 17. cxd4 Bc6 18. Bg5 hxg5 19. Ba6+ Qb7 20. Bxb7+ Kxb7 21. b4 Nf4 22. Qxg5 Ne2+ 23. Kh1 Rxh2+ 24. Kxh2 Rh8+ 25. Qh4 Rxh4# 0-1

[Event "*** Titled Tuesday Blitz"]
[Site "Chess.com"]
[Date "2020.11.10"]
[Round "11"]
[White "Azerichess"]
[Black "dropstoneDP"]
[Result "0-1"]
[WhiteElo "2972"]
[BlackElo "2960"]
[TimeControl "180+1"]
[EndTime "12:09:58 PST"]
[Termination "dropstoneDP won by resignation"]

1. d4 Nf6 2. c4 e6 3. Nc3 Bb4 4.
Qc2 d5 5. cxd5 exd5 6. Bg5 h6 7. Bh4 Qe7 8. Rc1 c5 9. Nf3 Nc6 10. a3 cxd4 11. axb4 Nxb4 12. Qa4+ Bd7 13. Bxf6 gxf6 14.
Qd1 dxc3 15. bxc3 Na2 16. Rc2 Ba4 17. e3 Nxc3 18. Qc1 Bxc2 19. Qxc2 Qb4 20. Bd3 Ne4+ 21. Ke2 Nc3+ 22. Kd2 Rc8 0-1